Arrhythmia, chaotic female vampiric Convict ---- ----- --..| -....| |...| ......--.| .^....---.--- ..........(- --..-....| -@.....%...--- |)..|.--- ..............-----...).. ---......*....%%%....---# .......---.---.|.---# ..----- |%|.%..- |...|..| -...|.... .. --.... ---[.. ........ ......... |.)...... ...... ----..%...... .^..<. -........ -.---. ----.--. Arrhythmia the Jail-bird Experience level: 7 Strength: 17 Dexterity: 11 Constitution: 19 Intelligence: 12 Wisdom: 8 Charisma: 7 Health: 81(81) Energy: 37(37) AC: 7 Gold: 747 Moves: 2989 Your Inventory: Coins $ - 747 gold pieces Amulets w - a [cursed] pyramidal amulet [of change] Weapons p - a [blessed] rustproof [+0] broadsword named Luck Blade [Luck Blade] Armor b - an uncursed +0 striped shirt n - an [uncursed] +0 iron skull cap [orcish helm] (being worn) y - an [uncursed] +0 pair of hard shoes [iron] (being worn) Potions i - a [blessed] clear potion [of holy water] z - an [uncursed] dark potion [of healing] Tools v - an [uncursed] stethoscope A - an [uncursed +0] pick-axe B - an [uncursed] partly used [wax] candle (lit) Iron balls c - an [uncursed] heavy iron ball (weapon in hand) Spells known in the end: Name Level Category Fail Memory Your skills at the end: Fighting Skills Weapon Skills sling [Basic / Skilled] Spellcasting Skills Final Attributes: You were piously aligned. Hunger level was 19. Your alignment was 24 / 24. Monster difficulty range was 1 - 6. Level difficulty was 6. You were immune to poison. You were immune to level-drain. You were immune to sickness. You could fly. You could survive without air. You regenerated. You were lucky (1). You had extra luck. Good luck did not time out for you. Tymora was angry with you (1). You survived. Vanquished creatures: a leprechaun a dwarf lord a fog cloud a shrieker 2 gnome lords 3 giant ants 2 little dogs a floating eye a kitten 4 dwarves a homunculus 3 giant bats 3 orc zombies a werejackal 3 iguanas an acid blob a coyote 2 gas spores a hobbit a large kobold 2 giant rats 2 yellow molds 24 gnomes 10 garter snakes 2 gnome zombies 3 geckos 5 jackals a fox 3 kobolds 2 goblins 2 grid bugs 3 lichens a kobold zombie 2 newts 96 creatures vanquished. Voluntary challenges: You went without food. You were illiterate. You never hit with a wielded weapon. You put on armor 3 times. You never genocided any monsters. You never polymorphed an object. You never changed form. You used no wishes. You abstained from Elbereth's help. You never encountered a bones level. You never used any Sokoban shortcuts. Dungeon overview: The Dungeons of Doom: levels 1 to 4 Level 1 a long staircase Level 2 an altar to Tymora Level 4 some fountains stairs to The Gnomish Mines The Gnomish Mines: levels 5 to 6 Level 5 stairs to The Dungeons of Doom Level 6 <- You were here History has recorded: On T:1 you entered the Dungeons of Doom to retrieve the Amulet of Yendor! On T:189 you advanced to experience level 2. On T:295 you reached level 2 of The Dungeons of Doom. On T:611 you advanced to experience level 3. On T:1076 you advanced to experience level 4. On T:1184 you reached level 3 of The Dungeons of Doom. On T:1250 you received a fireproof thirsty sling from Tymora. On T:1419 you advanced to experience level 5. On T:1543 you received Luck Blade from Tymora. On T:1881 you advanced to experience level 6. On T:2057 you reached level 4 of The Dungeons of Doom. On T:2510 you reached level 1 of The Gnomish Mines. On T:2545 you advanced to experience level 7. On T:2869 you reached level 2 of The Gnomish Mines. Latest messages: [HP+1=80] There are several objects here. [HP+1=81] The gnome wields 4 daggers! You are having a tough time swinging the heavy iron ball. You kill the gnome! There are several objects here. You feel too weak from hunger to explore. (2x) You kill the giant ant! You see here a giant ant corpse. You see here a gnome corpse. You kill the gnome! You see here a yellow gem. You are having a tough time swinging the heavy iron ball. You kill the iguana! You see here an iguana corpse. You begin praying to Tymora. You finish your prayer. You feel that Tymora is displeased. [3 turns] Final status: Goodbye Arrhythmia the Convict... You quit in The Gnomish Mines on dungeon level 6 with 3743 points, and 747 pieces of gold, after 2989 moves. You were level 7 with a maximum of 81 hit points when you quit.